 Dungeon Crawl Stone Soup version 0.25-a0-458-g6fc7858b95 (webtiles) character file.

Game seed: 9218558538298585484, levelgen mode: deterministic

112 Nattfarinn the Sneak (level 4, -2/23 HPs)
             Began as a Vine Stalker Assassin on Feb 2, 2020.
             Slain by a wight
             ... wielding a +3 war axe
              (6 damage)
             ... on level 4 of the Dungeon.
             The game lasted 00:04:09 (2474 turns).

Nattfarinn the Sneak (Vine Stalker Assassin)        Turns: 2474, Time: 00:04:09

Health: -2/23      AC:  4    Str: 14    XL:     4   Next: 93%
Magic:  0/5        EV: 13    Int: 11    God:
Gold:   85         SH:  0    Dex: 16    Spells: 3/3 levels left

rFire    . . .     SeeInvis .   a - +2 dagger
rCold    . . .     Gourm    +   (no shield)
rNeg     . . .     Faith    .   h - +0 leather armour
rPois    .         Spirit   +   (no helmet)
rElec    .         Reflect  .   c - +0 cloak
rCorr    .         Harm     .   (no gloves)
MR       .....                  (no boots)
Stlth    +++.......             j - amulet of the gourmand
HPRegen  0.47/turn              n - +2 ring of evasion
MPRegen  0.09/turn              (no ring)

@: no status effects
A: fangs 2, regeneration 1, magic shield, antimagic bite, no potion heal 3, rot
immunity
a: no special abilities


You were on level 4 of the Dungeon.
You were completely stuffed.

You visited 1 branch of the dungeon, and saw 4 of its levels.

You collected 85 gold pieces.

Inventory:

Hand Weapons
 a - a +2 dagger (weapon)
Missiles
 d - 7 poisoned darts (quivered)
 e - 4 curare-tipped darts
Armour
 b - a +0 robe
 c - a +0 cloak (worn)
 h - a +0 leather armour (worn)
Jewellery
 j - an amulet of the gourmand (around neck)
 n - a +2 ring of evasion (left hand)
Scrolls
 g - 2 scrolls of enchant weapon {unknown}
 k - a scroll of teleportation {unknown}
 m - 4 scrolls of identify {unknown}
 q - a scroll of remove curse {unknown}
Potions
 i - 2 potions of curing {unknown}
 l - a potion of mutation {unknown}
 o - a potion of haste {unknown}
Comestibles
 f - 5 rations
 p - 5 chunks of flesh


   Skills:
 + Level 2.6 Fighting
 + Level 2.6 Short Blades
 - Level 1.7 Throwing
 - Level 0.7 Dodging
 * Level 6.4 Stealth


You had 3 spell levels left.
You didn't know any spells.
Your spell library contained the following spells:

 Spells                   Type           Power        Failure   Level  Hunger
 Animate Skeleton         Necr           N/A          41%         1    ##.....
 Apportation              Tloc           #.....       41%         1    ##.....
 Corona                   Hex            #......      41%         1    ##.....
 Summon Small Mammal      Summ           #...         41%         1    ##.....


Dungeon Overview and Level Annotations

Branches:
Dungeon (4/15)
 Temple: D:4-7

Altars:
Dithmenos
Elyvilon
Qazlal


Innate Abilities, Weirdness & Mutations

You have extremely sharp teeth.
Your natural rate of healing is unusually fast.
When hurt, damage is shared between your health and your magic reserves.
Your bite disrupts and absorbs the magic of your enemies.
Potions cannot restore your health.
You are immune to rotting.


Message History

You see here 22 arrows.
A wight comes into view.
It is wielding a +3 war axe. 2 wights come into view.
Found a scroll labeled JOQEDGH TAUKHEF.
Found a stone staircase leading up.
You hit the wight but do no damage. The wight hits you with a +3 war axe!
You closely miss the wight. You hit the wight but do no damage.
The wight hits you with a +3 war axe!
You closely miss the wight. Your bite misses the wight.
The wight hits you with a +3 war axe!
* * * LOW HITPOINT WARNING * * *
You hit the wight but do no damage. You bite the wight. You drain its power.
You feel invigorated.
The wight is lightly damaged.
The wight misses you.
You closely miss the wight. Your bite misses the wight.
The wight is lightly damaged.
You hit the wight.
The wight is lightly damaged.
The wight hits you with a +3 war axe!
You die...

?.........z
..........
#.........
#......... ###
##......#
#.####........<
##.#(...####....
##.....z### ...
##......@#.## .
#...............
##...#....#....#
#...........##.
#.<.......###
##.......>#
###..##### #.##
###


You could see a wight.

Vanquished Creatures
  4 gnolls
  An adder (D:2)
  5 worms (D:2)
  A dart slug (D:1)
  A leopard gecko (D:2)
  An orc (D:3)
  2 giant cockroaches (D:2)
  3 goblins
  10 hobgoblins
  3 jackals (D:1)
  4 kobolds
  2 ball pythons
  5 bats
  2 frilled lizards
  6 rats
50 creatures vanquished.

Vanquished Creatures (others)
  An adder (D:3)
1 creature vanquished.

Grand Total: 51 creatures vanquished

Notes
Turn   | Place    | Note
-------+----------+-------------------------------------------
     0 | D:1      | Nattfarinn the Vine Stalker Assassin began the quest for
                  | the Orb.
     0 | D:1      | Reached XP level 1. HP: 11/11 MP: 2/2
   180 | D:1      | Reached skill level 5 in Stealth
   193 | D:1      | Reached XP level 2. HP: 9/15 MP: 1/3
  1116 | D:2      | Reached XP level 3. HP: 18/18 MP: 4/4
  1597 | D:2      | Gained mutation: Your natural rate of healing is unusually
                  | fast. [Vine Stalker growth]
  1597 | D:2      | Reached XP level 4. HP: 13/23 MP: 3/5
  1765 | D:2      | Reached skill level 6 in Stealth
  2046 | D:3      | Found a stormy altar of Qazlal.
  2252 | D:3      | Found a white marble altar of Elyvilon.
  2273 | D:3      | Found a shadowy altar of Dithmenos.
  2474 | D:4      | Slain by a wight

Levels and vault maps discovered:
D:1:      dpeg_arrival_short_road, layout_loops_ring
D:2:      layout_rooms, first_ration, minivault_27
D:3:      layout_basic, elyvilon_altar_4, lemuel_crystal_altar,
          grunt_dithmenos_smoke_and_mirrors, minmay_liquid_box
D:4:      layout_cave_pools, grunt_temple_overflow_magic_moments,
          lemuel_doored_altar, nicolae_overflow_hidden_temple, enter_ossuary_5,
          nicolae_ru_path_of_blood

Skill      XL: |  1  2  3  4 |
---------------+-------------+-----
Stealth        | 5 6 |  6.4
Fighting       | 2 |  2.6
Short Blades   | 2 |  2.6
Throwing       | |  1.7
Dodging        | |  0.7

Action                   |  1- 3 |  4- 6 || total
-------------------------+-------+-------++-------
Melee: Dagger            |    88 |    53 ||   141
       Bite              |    21 |    17 ||    38
Throw: Dart              |     6 |       ||     6
 Stab: Sleeping          |    10 |     8 ||    18
       Distracted        |     1 |       ||     1
  Eat: Chunk             |     9 |     9 ||    18
Armor: Robe              |     6 |       ||     6
       Leather armour    |    13 |     2 ||    15
Dodge: Dodged            |    38 |    25 ||    63

Table legend:
 A = Non-vault XP
 B = Vault XP
 C = Vault XP percentage of total XP
 D = Non-vault monster count
 E = Vault monster count
 F = Vault count percentage of total count
                 A         B        C        D         E       F
            +---------+---------+-------+---------+---------+-------
      Total |     160 |       0 |   0.0 |      50 |       0 |   0.0
            +---------+---------+-------+---------+---------+-------
        D:1 |      22 |       0 |   0.0 |      12 |       0 |   0.0
        D:2 |      84 |       0 |   0.0 |      28 |       0 |   0.0
        D:3 |      54 |       0 |   0.0 |      10 |       0 |   0.0
            +---------+---------+-------+---------+---------+-------
